 Dungeon Sprint DCSS version 0.28.0-43-g3370ac3207 (webtiles) character file.

Game seed: 12531162541232844795

574 Mitsuki the Fighter (level 7, -1/71 HPs)
             Began as a Minotaur Fighter on Mar 15, 2022.
             Was a Follower of Makhleb.
             Slain by a sixfirhy (9 damage)
             ... summoned by a kobold demonologist
             ... in the Dungeon (Sprint I: "Red Sonja").
             The game lasted 00:02:11 (181 turns).

Mitsuki the Fighter (Minotaur Fighter)               Turns: 181, Time: 00:02:11

Health: -1/71      AC:  8    Str: 22    XL:     7   Next: 12%
Magic:  6/6        EV:  9    Int:  5    God:    Makhleb [*.....]
Gold:   283        SH:  6    Dex: 10    Spells: 6/6 levels left

rFire   . . .      SeeInvis .   a - +0 long sword
rCold   . . .      Faith    .   c - +0 buckler
rNeg    . . .      Spirit   .   b - +0 scale mail
rPois   .          Reflect  .   (helmet restricted)
rElec   .          Harm     .   (no cloak)
rCorr   .          Rampage  .   (no gloves)
Will    .....      NoTele   +   (no boots)
Stlth   ..........              (no amulet)
HPRegen 0.21/turn               (no ring)
MPRegen 0.10/turn               (no ring)

@: no status effects
A: horns 2, retaliatory headbutt
a: Renounce Religion


You were in the Dungeon.
You worshipped Makhleb.
Makhleb was aware of your devotion.
You visited 1 branch You collected 283 gold pieces.

Inventory:

Hand Weapons
 a - a +0 long sword (weapon)
Armour
 b - a +0 scale mail (worn)
 c - a +0 buckler (worn)
Wands
 d - a wand of iceblast (1)
Scrolls
 j - a scroll of blinking
Potions
 e - 2 potions of curing
 g - a potion of haste
 h - 2 potions of magic
 i - a potion of berserk rage


   Skills:
 + Level 9.9 Fighting
 + Level 9.5 Long Blades
 + Level 9.9 Armour
 + Level 9.9 Shields


You had 6 spell levels left.
You didn't know any spells.
Your spell library was empty.

Dungeon Overview and Level Annotations

Branches:
Dungeon (1/1)

Altars:
Makhleb
Sif Muna
Vehumet
Wu Jian
Xom
Jiyva
Lugonu


Innate Abilities, Weirdness & Mutations

You have a pair of horns on your head.
You reflexively headbutt those who attack you in melee.


Message History

You barely miss the kobold demonologist.
The kobold demonologist is moderately wounded.
Aiming: Iceblast
Press: ? - help, Shift-Dir - straight line, f - kobold demonologist
Aim: a kobold demonologist, wielding a +0 dagger and wearing a +0 robe (lightly wounded)
The mass of ice explodes!
The iceblast engulfs the kobold demonologist!
The kobold demonologist is moderately wounded.
The iceblast engulfs the quasit!
The quasit partially resists.
The quasit is severely wounded.
The iceblast engulfs the ufetubus!
The ufetubus partially resists.
You kill the ufetubus!
The ufetubus disappears in a puff of smoke!
The kobold demonologist mumbles some strange words.
You slash the kobold demonologist!
The kobold demonologist is almost dead.
The sixfirhy hits you! The sixfirhy shocks you!
The kobold demonologist hits you with a +0 dagger. x2
The shadow imp laughs crazily.
The sixfirhy hits you. The sixfirhy shocks you!
You take 36 damage, and have 35/71 hp.
MASSIVE DAMAGE!!
You miss the kobold demonologist.
The kobold demonologist is almost dead.
The sixfirhy hits you! The sixfirhy shocks you!
* * * LOW HITPOINT WARNING * * *
The sixfirhy barely misses you.
The kobold demonologist hits you but does no damage.
You block the sixfirhy's attack.
The kobold demonologist begins to cast a cantrip, but forgets the words!
You take 23 damage, and have 12/71 hp.
MASSIVE DAMAGE!!
You hit the kobold demonologist but do no damage.
You headbutt the kobold demonologist!
You kill the kobold demonologist!
Makhleb accepts your kill.
You can now gain health from killing.
The quasit disappears in a puff of smoke!
The shadow imp disappears in a puff of smoke!
The sixfirhy hits you.
* * * LOW HITPOINT WARNING * * *
The sixfirhy shocks you!
You die...

######################
..)..#.)'..#__#3@)§..#
).#..'..#..'..'.K#§..#
####'#####'#__#### ..+
#..# #.#### ## ####
##.# #_.+ +..._#
#_.#+# ##+


You could see a kobold demonologist and a sixfirhy (summoned).

Vanquished Creatures
  A kobold demonologist (D)
  A slime creature (D)
  Sigmund (D)
  A floating eye (D)
  An ogre (D)
  A jelly (D)
  Ijyb (D)
7 creatures vanquished.

Notes
Turn   | Place    | Note
-------+----------+-------------------------------------------
     0 | D        | Mitsuki the Minotaur Fighter began the quest for the Orb.
     0 | D        | Reached XP level 1. HP: 19/19 MP: 0/0
     1 | D        | Noticed Ijyb
     8 | D        | Killed Ijyb
     9 | D        | Reached skill level 5 in Fighting
     9 | D        | Reached skill level 5 in Armour
     9 | D        | Reached skill level 5 in Shields
     9 | D        | Reached XP level 2. HP: 22/29 MP: 1/1
    12 | D        | Noticed an ogre
    15 | D        | Killed an ogre
    16 | D        | Reached skill level 5 in Long Blades
    16 | D        | Reached XP level 3. HP: 30/38 MP: 2/2
    16 | D        | Reached XP level 4. HP: 35/45 MP: 3/3
    20 | D        | Noticed Sigmund
    23 | D        | Killed Sigmund
    24 | D        | Reached XP level 5. HP: 42/53 MP: 4/4
    36 | D        | Found a burning altar of Makhleb.
    36 | D        | Found a viscous altar of Jiyva.
    36 | D        | Found a shimmering altar of Xom.
    36 | D        | Found a corrupted altar of Lugonu.
    36 | D        | Noticed a slime creature
    40 | D        | Killed a slime creature
    41 | D        | Reached XP level 6. HP: 48/64 MP: 5/5
    43 | D        | Became a worshipper of Makhleb the Destroyer
   149 | D        | Found an ornate altar of the Wu Jian Council.
   149 | D        | Found a shimmering blue altar of Sif Muna.
   151 | D        | Found a radiant altar of Vehumet.
   174 | D        | Noticed a kobold demonologist
   174 | D        | Noticed a floating eye
   174 | D        | Noticed a kobold demonologist
   176 | D        | Killed a floating eye
   177 | D        | Reached XP level 7. HP: 71/71 MP: 6/6
   179 | D        | Noticed a sixfirhy
   181 | D        | Killed a kobold demonologist
   181 | D        | Reached * piety under Makhleb
   181 | D        | Slain by a sixfirhy

Illustrated notes

Levels and vault maps discovered:
D:        dungeon_sprint_1 [red_sonja_temple_1, red_sonja_temple_small_1]

Skill      XL: |  1  2  3  4  5 |
---------------+----------------+-----
Fighting       | 5 6 8 9 |  9.9
Long Blades    | 4 5 7 9 |  9.5
Armour         | 5 6 8 9 |  9.9
Shields        | 5 6 8 9 |  9.9

Action                   |  1- 3 |  4- 6 |  7- 9 || total
-------------------------+-------+-------+-------++-------
Melee: Long sword        |     5 |     7 |     4 ||    16
       Headbutt          |     2 |     2 |     1 ||     5
Evoke: Wand              |     1 |     3 |     1 ||     5
  Use: Potion            |     2 |       |       ||     2
Armor: Scale mail        |       |     1 |     1 ||     2
Dodge: Dodged            |       |     2 |     1 ||     3
Block: Buckler           |     3 |     1 |     1 ||     5
